 Dungeon Crawl Stone Soup version 0.17.1-1-g73c8601 (webtiles) character file.

122991 Implojin the Spry (level 16, -4/165 HPs)
             Began as a Troll Monk on Apr 5, 2016.
             Was a High Priest of Okawaru.
             Engulfed by a merfolk aquamancer's steam (7 damage)
             ... on level 3 of the Shoals.
             The game lasted 01:07:15 (7726 turns).

Implojin the Spry (Troll Monk)                      Turns: 7726, Time: 01:07:15

Health: -4/165     AC: 11    Str: 28    XL:     16   Next: 6%
Magic:  19/21      EV: 31    Int:  6    God:    Okawaru [*****.]
Gold:   811        SH:  0    Dex: 21    Spells: 1 memorised, 12 levels left

rFire  . . .     SeeInvis .       - Unarmed
rCold  . . .     Clarity  .     R - +5 robe of vines {NoDeviceHeal Regen+10}
rNeg   . . .     SustAt   .     (no shield)
rPois  +         Gourm    +     u - +0 hat
rElec  +         Spirit   .     C - +0 cloak
rCorr  .         Warding  .     (gloves unavailable)
rMut   .         Stasis   .     (boots unavailable)
MR     +....                    (no amulet)
Stlth  ++........               P - ring "Honel" {EV+1 Dex+4 Stlth+}
                                G - ring of poison resistance

@: mighty, about to teleport, heroism, finesse, very slightly contaminated,
hasted and slowed, glowing, somewhat resistant to hostile enchantments,
unstealthy
A: unfitting armour, claws 3, fast metabolism 3, gourmand, regeneration 2,
shaggy fur 1, electricity resistance, tough skin 2
a: Heroism, Finesse, Renounce Religion
}: 1/15 runes: serpentine


You were on level 3 of the Shoals.
You worshipped Okawaru.
Okawaru was extremely pleased with you.
You were not hungry.

You visited 5 branches of the dungeon, and saw 31 of its levels.
You also visited: Labyrinth, Sewer, Ossuary and Ice Cave.

You collected 811 gold pieces.

Inventory:

Hand Weapons
 F - a +2 blowgun
Missiles
 d - 6 javelins
 n - 3 large rocks (quivered)
 v - 3 curare-tipped needles
 L - a throwing net
Armour
 u - a +0 hat (worn)
 z - a +0 gold dragon armour
 C - a +0 cloak (worn)
 H - a +1 robe of the Archmagi
 K - a +0 large shield
 M - a +0 storm dragon armour
 N - a +2 robe of cold resistance
 R - the +5 robe of vines (worn) {NoDeviceHeal Regen+10}
   (You found it on level 10 of the Dungeon)

   It increases your rate of regeneration.
 Y - a +0 ice dragon armour
Rods
 X - a +4 rod of the swarm (9/9)
   (You found it in a labyrinth)
Jewellery
 a - a +4 ring of protection
 m - an uncursed ring of teleportation
 D - an uncursed ring of protection from fire
 G - a ring of poison resistance (left claw)
 P - the ring "Honel" (right claw) {EV+1 Dex+4 Stlth+}
   (You found it on level 10 of the Dungeon)

   [ring of evasion]

   It affects your evasion (+1).
   It affects your dexterity (+4).
   It makes you more stealthy.
Wands
 e - a wand of digging (0)
 i - a wand of cold (6)
 q - a wand of draining (8)
 r - a wand of cold (7)
 t - a wand of hasting (9)
 y - a wand of invisibility (3)
 E - a wand of digging (13)
 O - a wand of digging (12)
 Q - a wand of fireball (7)
 S - a wand of cold (6)
 T - a wand of digging (6)
 U - a wand of disintegration (13)
 W - a wand of cold (4)
Scrolls
 f - 2 scrolls of magic mapping
 j - 2 scrolls of teleportation
 k - 3 scrolls of immolation
 o - a scroll of amnesia
 x - 9 scrolls of remove curse
 A - 3 scrolls of noise
 J - a scroll of enchant armour
Potions
 c - 3 potions of heal wounds
 g - 2 potions of cure mutation
 h - 8 potions of curing
 p - 2 potions of invisibility
 s - a potion of berserk rage
 w - a potion of haste
 B - 3 potions of might
 V - a potion of flight
Miscellaneous
 Z - a box of beasts {used: 1}
Comestibles
 b - 11 bread rations
 l - 3 meat rations
 I - 39 fruits


   Skills:
 - Level 12.0(17.0) Fighting
 * Level 16.8(21.8) Dodging
 - Level 1.1(6.1) Stealth
 - Level 13.3(18.3) Unarmed Combat
 - Level 8.0 Invocations


You had 12 spell levels left.
You knew the following spells:

 Your Spells              Type           Power        Failure   Level  Hunger
a - Regeneration          Chrm/Necr      #.........   97%         3    ####...


Dungeon Overview and Level Annotations

Branches:
Dungeon (15/15)            Temple (1/1) D:4            Lair (8/8) D:9
 Shoals (3/4) Lair:6        Snake (4/4) Lair:4        Slime (0/6) Lair:8
 Vaults (0/5) D:14
    Orc: D:9-12      Depths: D:15

Altars:
Ashenzari
Cheibriados
Dithmenos
Elyvilon
Kikubaaqudgha
Nemelex Xobeh
Okawaru
Qazlal
Ru
Sif Muna
Yredelemnul
Zin
The Shining One
Jiyva

Portals:
Trove: D:14 (give 24 scrolls of identify)

Annotations:
D:6 Duvessa
Lair:2 exclusion: upstairs


Innate Abilities, Weirdness & Mutations

You are too large for most types of armour.
You have claws for hands.
Your metabolism is lightning-fast.
You like to eat raw meat.
You heal very quickly.
You are covered in fur (AC +1).
You have very tough skin (AC +2).
You are resistant to electric shocks.


Message History

* * * LOW HITPOINT WARNING * * *
You are very lightly contaminated with residual magic.
Unknown command.
Unknown command.
Read which item? (? for menu, Esc to quit)
Okay, then.
Read which item? (? for menu, Esc to quit)
As you read the scroll of teleportation, it crumbles to dust.
You feel strangely unstable.
The merfolk aquamancer completely misses you.
The faun completely misses you. x2
The merfolk misses you.
The merfolk hits you from afar with a trident of protection.
* * * LOW HITPOINT WARNING * * *
Unknown command.
Drink which item? (? for menu, Esc to quit)
You feel very mighty all of a sudden. The merfolk misses you.
The merfolk aquamancer gestures at you while chanting.
The ball of steam hits you!
* * * LOW HITPOINT WARNING * * *
The faun splashes around in the water.
The faun barely misses you. The merfolk closely misses you.
The merfolk misses you.
Unknown command.
Unknown command.
Drink which item? (? for menu, Esc to quit)
Okay, then.
Drink which item? (? for menu, Esc to quit)
Okay, then.
Read which item? (? for menu, Esc to quit)
Okay, then.
Wear which item? (? for menu, Esc to quit)
Okay, then.
Evoke which item? (* to show all) (? for menu, Esc to quit)
Okay, then.
Evoke which item? (* to show all) (? for menu, Esc to quit)
You open the lid... ...and a larval fireweird beast leaps out!
You are engulfed in a cloud of scalding steam.
You die...

≈≈≈ ..≈≈≈≈≈ ≈≈.
......≈ ≈≈≈.
E.###.≈≈≈..≈ ≈≈≈≈
m...≈≈≈≈≈≈≈ ≈≈≈≈.
≈≈≈≈..≈≈≈≈ ≈≈≈≈.
≈≈...≈≈≈≈ ≈≈≈.≈≈
##)H...≈≈≈
≈≈≈.≈c##mm...≈≈≈≈
≈P≈≈≈..#@m)..≈≈≈≈
#..≈..mc.c≈.#.≈≈≈
#.≈..≈...≈≈## .≈≈
..≈≈≈≈≈≈≈≈≈# ≈
..≈≈≈≈≈≈≈≈≈#
|≈≈≈≈≈≈≈≈≈≈..
≈≈≈≈≈≈≈≈≈≈≈≈≈≈
≈≈≈≈≈≈≈≈≈≈≈≈≈≈≈
.≈≈≈≈≈≈≈≈≈≈≈≈≈≈


You could see a merfolk aquamancer, 3 merfolk, 2 fauns and a friendly larval
fireweird beast.

Vanquished Creatures
  Vashnia (Snake:4)
  An Ice Fiend (IceCv)
  Gastronok (Lair:2)
  5 greater nagas (Snake:4)
  Nessos (Lair:6)
  The ghost of Implojin the Fighter, a journeyman TrMo of Okawaru (Lair:8)
  A minotaur (Lab)
  A merfolk impaler (Shoals:3)
  A vault guard (D:14)
  4 hydras
  13 naga warriors
  A tengu warrior (D:14)
  A queen ant (Lair:3)
  6 anacondas (Snake:4)
  6 death yaks (Lair:8)
  12 naga sharpshooters
  5 shock serpents
  2 salamander mystics (Snake:4)
  A fire crab (Lair:8)
  5 ice devils (IceCv)
  The ghost of Grivan the Cleaver, a novice HuWn of Makhleb (D:6)
  2 hill giants
  An unseen horror (D:14)
  5 naga ritualists (Snake:4)
  Pikel (D:6)
  A wizard (D:10)
  A cyclops (D:13)
  2 fauns
  A griffon (Lair:7)
  3 ugly things
  The ghost of Implojin the Grappler, a novice TrFi of Okawaru (Lab)
  9 spiny frogs
  2 salamanders
  8 black mambas
  12 guardian serpents
  13 naga magi
  A torpor snail (Lair:6)
  2 ice statues (IceCv)
  Psyche (D:10)
  A gargoyle (D:14)
  9 blue devils (IceCv)
  3 komodo dragons
  A spriggan druid (Lair:8)
  4 merfolk (Shoals:3)
  11 polar bears
  A boulder beetle (Lair:6)
  A two-headed ogre (D:10)
  A snapping turtle (Shoals:3)
  7 redbacks (Lair:8)
  11 blink frogs
  10 spriggans (Lair:8)
  2 wyverns
  7 small abominations (D:10)
  21 yaks
  A steam dragon (D:11)
  Eustachio (D:6)
  A deep elf mage (D:12)
  2 water elementals (Shoals:3)
  The ghost of lehmann155 the Slasher, an amateur DsGl (D:4)
  A basilisk (Lair:2)
  4 hippogriffs
  33 nagas
  44 wolves
  An orc warrior (D:13)
  9 water moccasins
  4 soldier ants (Lair:3)
  7 porcupines
  A phantom (D:9)
  8 ice beasts (Snake:3)
  Purgy (Sewer)
  An ogre (D:8)
  3 black bears (Lair:8)
  3 wasps (Lair:8)
  A sky beast (D:8)
  5 large abominations (D:10)
  A slave (D:6)
  A centaur (D:7)
  A big kobold (D:14)
  8 crocodiles
  A wyvern zombie (Ossuary)
  7 giant frogs
  2 water moccasin zombies (Ossuary)
  A wyvern skeleton (D:13)
  A scorpion (D:8)
  3 wights (D:7)
  A crimson imp (D:12)
  3 bog bodies (Ossuary)
  A giant frog zombie (Ossuary)
  A jelly (D:9)
  2 centaur zombies (Ossuary)
  A giant frog skeleton (D:8)
  An iguana (Lair:2)
  3 orc priests
  8 orc wizards
  A quasit (D:10)
  A killer bee zombie (Ossuary)
  13 sheep
  8 worker ants
  4 hound zombies (Ossuary)
  A hound skeleton (D:7)
  4 mummies (Ossuary)
  3 worker ant zombies (Ossuary)
  7 adders
  11 river rats (Lair:6)
  3 shadow imps
  7 white imps (IceCv)
  8 ufetubi (IceCv)
  7 giant geckos
  20 orcs
  A kobold (D:2)
  2 quokkas
  2 ball pythons (Sewer)
  4 giant cockroaches (D:4)
  A giant cockroach zombie (Ossuary)
  7 giant newts
  A jackal zombie (Ossuary)
  A quokka zombie (Ossuary)
  2 rats (D:2)
  A fungus (Lair:8)
  A plant (Ossuary)
526 creatures vanquished.

Vanquished Creatures (others)
  A satyr (Shoals:3)
  A slave (D:6)
  A white imp (IceCv)
  An ufetubus (IceCv)
  6 fungi
  7 plants
  12 toadstools (Lair:4)
29 creatures vanquished.

Grand Total: 555 creatures vanquished

Notes
Turn   | Place    | Note
--------------------------------------------------------------
     0 | D:1      | Implojin the Troll Monk began the quest for the Orb.
     0 | D:1      | Reached XP level 1. HP: 22/22 MP: 0/0
   140 | D:2      | Found a deep blue altar of Sif Muna.
   146 | D:2      | Reached XP level 2. HP: 29/29 MP: 1/1
   242 | D:4      | Reached skill level 5 in Unarmed Combat
   242 | D:4      | Reached XP level 3. HP: 33/36 MP: 2/2
   300 | D:4      | Noticed lehmann155's ghost (amateur DsGl)
   312 | D:4      | Found a staircase to the Ecumenical Temple.
   320 | Temple   | Entered the Ecumenical Temple
   334 | Temple   | Became a worshipper of Warmaster Okawaru
   334 | Temple   | Reached * piety under Okawaru
   334 | Temple   | Reached ** piety under Okawaru
   370 | D:4      | Killed lehmann155's ghost
   370 | D:4      | Reached skill level 6 in Unarmed Combat
   370 | D:4      | Reached XP level 4. HP: 13/44 MP: 0/3
   370 | D:4      | Reached XP level 5. HP: 14/50 MP: 0/4
   381 | D:4      | Found a sparkling altar of Nemelex Xobeh.
   429 | D:5      | Entered Level 5 of the Dungeon
   552 | D:4      | Found a glowing drain.
   575 | Sewer    | Entered a sewer
   602 | Sewer    | Noticed Purgy
   611 | Sewer    | Killed Purgy
   611 | Sewer    | Reached skill level 7 in Unarmed Combat
   611 | Sewer    | Reached XP level 6. HP: 56/59 MP: 2/5
   825 | D:6      | Noticed Eustachio
   828 | D:6      | Noticed Grivan's ghost (novice HuWn)
   839 | D:6      | Killed Grivan's ghost
   839 | D:6      | Reached *** piety under Okawaru
   839 | D:6      | Reached skill level 9 in Unarmed Combat
   839 | D:6      | Reached XP level 7. HP: 25/66 MP: 3/6
   881 | D:6      | Killed Eustachio
   881 | D:6      | Reached skill level 10 in Unarmed Combat
   895 | D:6      | Noticed Duvessa
   897 | D:6      | Noticed Pikel
   913 | D:6      | Killed Pikel
   913 | D:6      | Reached **** piety under Okawaru
   913 | D:6      | Reached skill level 11 in Unarmed Combat
   913 | D:6      | Reached XP level 8. HP: 39/74 MP: 4/7
   935 | D:7      | Found a stormy altar of Qazlal.
  1185 | D:8      | Found an ancient bone altar of Kikubaaqudgha.
  1224 | D:8      | Found a sand-covered staircase.
  1257 | D:8      | Reached skill level 12 in Unarmed Combat
  1266 | D:8      | Reached XP level 9. HP: 48/80 MP: 6/8
  1372 | Ossuary  | Entered an ossuary
  1552 | Ossuary  | Reached skill level 13 in Unarmed Combat
  1843 | D:9      | Found a staircase to the Lair.
  1877 | D:10     | Entered Level 10 of the Dungeon
  1877 | D:10     | Noticed Psyche
  1879 | D:10     | Killed Psyche
  1879 | D:10     | Reached skill level 4 in Fighting
  2117 | D:10     | Noticed a wizard
  2126 | D:10     | Killed a wizard
  2126 | D:10     | Reached ***** piety under Okawaru
  2126 | D:10     | Reached skill level 5 in Fighting
  2126 | D:10     | Reached XP level 10. HP: 36/97 MP: 6/9
  2155 | D:10     | Reached skill level 6 in Fighting
  2174 | D:10     | Noticed a large abomination
  2189 | D:10     | Killed a large abomination
  2189 | D:10     | Reached skill level 7 in Fighting
  2421 | D:10     | Got a shimmering golden ring
  2479 | D:10     | Identified the ring "Honel" {EV+1 Dex+4 Stlth+} (You found it on level 10 of the Dungeon)
  2630 | D:13     | Noticed a cyclops
  2645 | D:13     | Killed a cyclops
  2645 | D:13     | Reached skill level 8 in Fighting
  2657 | D:13     | Found a labyrinth entrance.
  2665 | Lab      | Entered a labyrinth
  2704 | Lab      | Noticed Implojin's ghost (novice TrFi)
  2711 | Lab      | Killed Implojin's ghost
  2928 | Lab      | Noticed a minotaur
  2939 | Lab      | Killed a minotaur
  2939 | Lab      | Reached skill level 9 in Fighting
  2947 | D:13     | Identified a +4 rod of the swarm (9/9) (You found it in a labyrinth)
  2973 | D:13     | Noticed a hill giant
  2983 | D:13     | Killed a hill giant
  2983 | D:13     | Reached XP level 11. HP: 115/115 MP: 7/10
  3071 | D:15     | Entered Level 15 of the Dungeon
  3071 | D:15     | Noticed a rakshasa
  3118 | D:14     | Noticed a tengu warrior
  3122 | D:14     | Killed a tengu warrior
  3122 | D:14     | Reached skill level 10 in Fighting
  3124 | D:14     | Found a gate to the Vaults.
  3124 | D:14     | Noticed a vault guard
  3137 | D:14     | Killed a vault guard
  3197 | D:14     | Noticed a hill giant
  3203 | D:14     | Killed a hill giant
  3203 | D:14     | Received a gift from Okawaru
  3240 | D:14     | Killed an unseen horror
  3247 | D:14     | Found a portal to a secret trove of treasure.
  3263 | D:13     | Noticed a cyan ugly thing
  3264 | D:13     | Noticed a brown ugly thing
  3272 | D:13     | Killed a cyan ugly thing
  3272 | D:13     | Reached skill level 11 in Fighting
  3275 | D:13     | Killed a brown ugly thing
  3367 | Lair:1   | Entered Level 1 of the Lair of Beasts
  3392 | Lair:1   | Noticed a six-headed hydra
  3424 | Lair:2   | Noticed a seven-headed hydra
  3434 | Lair:2   | Killed a seven-headed hydra
  3546 | Lair:2   | Reached skill level 12 in Fighting
  3640 | Lair:2   | Reached skill level 1 in Invocations
  3648 | Lair:2   | Reached skill level 2 in Invocations
  3749 | Lair:2   | Noticed Gastronok
  3758 | Lair:2   | Killed Gastronok
  3758 | Lair:2   | Reached ****** piety under Okawaru
  3758 | Lair:2   | Reached skill level 4 in Invocations
  3758 | Lair:2   | Reached XP level 12. HP: 97/132 MP: 9/14
  3811 | Lair:3   | Reached skill level 5 in Invocations
  3876 | Lair:3   | Reached skill level 6 in Invocations
  3901 | Lair:4   | Received a gift from Okawaru
  3985 | Lair:3   | Reached skill level 7 in Invocations
  4019 | Lair:3   | Reached skill level 8 in Invocations
  4069 | Lair:3   | Reached skill level 3 in Dodging
  4084 | Lair:4   | Found a staircase to the Snake Pit.
  4333 | Lair:6   | Reached skill level 4 in Dodging
  4366 | Lair:6   | Reached skill level 5 in Dodging
  4390 | Lair:6   | Noticed Nessos
  4401 | Lair:6   | Killed Nessos
  4457 | Lair:6   | Reached skill level 6 in Dodging
  4461 | Lair:6   | Gained mutation: You are resistant to electric shocks. [potion of beneficial mutation]
  4494 | Lair:6   | Found a staircase to the Shoals.
  4624 | Lair:7   | Reached XP level 13. HP: 131/140 MP: 18/18
  4657 | Lair:7   | Reached skill level 7 in Dodging
  4701 | Lair:8   | Entered Level 8 of the Lair of Beasts
  4713 | Lair:8   | Found a viscous altar of Jiyva.
  4744 | Lair:8   | Found a staircase to the Slime Pits.
  4822 | Lair:8   | Noticed Implojin's ghost (journeyman TrMo)
  4837 | Lair:8   | Killed Implojin's ghost
  4840 | Lair:8   | Reached skill level 8 in Dodging
  4865 | Lair:8   | Received a gift from Okawaru
  4981 | Lair:8   | Reached skill level 9 in Dodging
  5093 | Lair:8   | Reached skill level 10 in Dodging
  5137 | Lair:8   | Received a gift from Okawaru
  5423 | Lair:8   | Reached skill level 11 in Dodging
  5436 | Lair:8   | Reached XP level 14. HP: 149/149 MP: 17/19
  5780 | Snake:1  | Entered Level 1 of the Snake Pit
  5940 | Snake:2  | Reached skill level 12 in Dodging
  6005 | Snake:2  | Found a basalt altar of Yredelemnul.
  6071 | Snake:3  | Found a frozen archway.
  6100 | IceCv    | Entered an ice cave
  6179 | IceCv    | Received a gift from Okawaru
  6288 | IceCv    | Noticed an Ice Fiend
  6315 | IceCv    | Reached skill level 13 in Dodging
  6371 | IceCv    | Killed an Ice Fiend
  6525 | Snake:4  | Entered Level 4 of the Snake Pit
  6617 | Snake:4  | Identified Cigotuvi's Compendium of Necromancy (You found it on level 4 of the Snake Pit)
  6623 | Snake:4  | Learned a level 3 spell: Regeneration
  6711 | Snake:4  | Noticed a greater naga
  6716 | Snake:4  | Reached skill level 14 in Dodging
  6735 | Snake:4  | Killed a greater naga
  6735 | Snake:4  | Received a gift from Okawaru
  6754 | Snake:4  | Reached XP level 15. HP: 156/156 MP: 20/20
  6907 | Snake:4  | Noticed Vashnia
  6920 | Snake:3  | Received a gift from Okawaru
  6982 | Snake:4  | Killed Vashnia
  6982 | Snake:4  | Reached skill level 15 in Dodging
  7033 | Snake:4  | Noticed a greater naga
  7054 | Snake:4  | Killed a greater naga
  7104 | Snake:4  | Noticed a greater naga
  7126 | Snake:4  | Noticed a greater naga
  7138 | Snake:4  | Killed a greater naga
  7145 | Snake:4  | Killed a greater naga
  7145 | Snake:4  | Reached skill level 16 in Dodging
  7172 | Snake:4  | Noticed a greater naga
  7191 | Snake:4  | Killed a greater naga
  7355 | Snake:4  | Got a serpentine rune of Zot
  7649 | Shoals:1 | Entered Level 1 of the Shoals
  7678 | Shoals:3 | Reached XP level 16. HP: 165/165 MP: 15/21
  7725 | Shoals:3 | HP: 3/165 [merfolk aquamancer/ball of steam (32)]
  7726 | Shoals:3 | Engulfed by a merfolk aquamancer's steam

Action                   |  1- 3 |  4- 6 |  7- 9 | 10-12 | 13-15 | 16-18 || total
-------------------------+-------+-------+-------+-------+-------+-------++-------
Melee: Unarmed           |    48 |    49 |   222 |   402 |   996 |    35 ||  1752
Throw: Throwing net      |       |       |     1 |     2 |       |       ||     3
       Large rock        |       |       |       |     5 |    18 |       ||    23
       Javelin           |       |       |       |     2 |    14 |       ||    16
Invok: Heroism           |     1 |     2 |    14 |    20 |    27 |       ||    64
       Finesse           |       |       |       |     2 |    19 |       ||    21
Evoke: Wand              |       |       |     1 |     2 |     3 |       ||     6
       Box of beasts     |       |       |       |       |       |     1 ||     1
  Use: Scroll            |       |       |    11 |    14 |    13 |     1 ||    39
       Potion            |       |       |       |     5 |    10 |     2 ||    17
 Stab: Sleeping          |       |     2 |     1 |     9 |     6 |       ||    18
       Held in net/web   |       |       |     1 |     1 |       |       ||     2
       Distracted        |       |       |       |       |     2 |       ||     2
       Invisible         |       |       |       |       |     1 |       ||     1
  Eat: Chunk             |     7 |     5 |    12 |    23 |    11 |       ||    58
       Beef jerky        |       |       |       |       |     9 |       ||     9
       Pizza             |       |       |       |       |     1 |       ||     1
       Fruit             |       |       |       |       |     1 |       ||     1

Table legend:
 A = Turns spent in this place as a percentage of turns spent in the entire game.
 B = Non-inter-level travel turns spent in this place as a percentage of non-inter-level travel turns spent in the entire game.
 C = Inter-level travel turns spent in this place as a percentage of turns spent in this place.
 D = Turns resting spent in this place as a percentage of non-inter-level travel turns spent in this place.
 E = Turns spent auto-exploring this place as a percentage of non-inter-level travel turns spent in this place.
 F = Non-inter-level travel turns spent in this place divided by the number of levels of this place that you've seen.
                   A       B       C       D       E      F
               +-------+-------+-------+-------+-------+----------------------
         Total | 100.0 | 100.0 |   0.0 |   0.1 |   0.0 | 219.3
       Dungeon |  33.3 |  33.3 |   0.0 |   0.0 |   0.0 | 170.3
        Temple |   0.4 |   0.4 |   0.0 |   6.7 |   0.0 |  30.0
          Lair |  31.4 |  31.4 |   0.0 |   0.0 |   0.0 | 300.9
        Shoals |   1.3 |   1.3 |   0.0 |   0.0 |   0.0 |  32.3
     Snake Pit |  19.5 |  19.5 |   0.0 |   0.3 |   0.0 | 373.5
     Labyrinth |   3.9 |   3.9 |   0.0 |   0.0 |   0.0 | 296.0
         Sewer |   1.9 |   1.9 |   0.0 |   0.0 |   0.0 | 147.0
       Ossuary |   2.9 |   2.9 |   0.0 |   0.0 |   0.0 | 223.0
      Ice Cave |   5.5 |   5.5 |   0.0 |   0.0 |   0.0 | 425.0
               +-------+-------+-------+-------+-------+----------------------

Table legend:
 A = Kills in this place as a percentage of kills in entire the game.
 B = Kills by you in this place as a percentage of kills by you in the entire game.
 C = Kills by friends in this place as a percentage of kills by friends in the entire game.
 D = Other kills in this place as a percentage of other kills in the entire game.
 E = Experience gained in this place as a percentage of experience gained in the entire game.
 F = Experience gained in this place divided by the number of levels of this place that you have seen.
                   A       B       C       D       E      F
               +-------+-------+-------+-------+-------+----------------------
         Total | 100.0 | 100.0 |  -nan | 100.0 | 100.0 | 4489.5
       Dungeon |  21.4 |  21.4 |  -nan |   0.0 |   9.2 | 968.4
          Lair |  41.0 |  41.1 |  -nan |   0.0 |  33.2 | 6512.1
        Shoals |   2.1 |   1.9 |  -nan | 100.0 |   3.0 | 1575.0
     Snake Pit |  23.1 |  23.1 |  -nan |   0.0 |  46.3 | 18185.2
     Labyrinth |   0.4 |   0.4 |  -nan |   0.0 |   1.0 | 1599.0
         Sewer |   1.3 |   1.3 |  -nan |   0.0 |   0.1 | 152.0
       Ossuary |   4.6 |   4.6 |  -nan |   0.0 |   0.5 | 779.0
      Ice Cave |   6.1 |   6.1 |  -nan |   0.0 |   6.7 | 10512.0
               +-------+-------+-------+-------+-------+----------------------
